 Dungeon Crawl Stone Soup version 0.29.1-2-gbd0b4ee654 (webtiles) character file.

Game seed: 8755618692217270890

47 cdecastro the Poker (level 3, 0/27 HPs)
             Began as a Demonspawn Gladiator on Nov 14, 2022.
             Splashed by a jelly's acid (7 damage)
             ... on level 2 of the Dungeon.
             The game lasted 00:02:42 (1844 turns).

cdecastro the Poker (Demonspawn Gladiator)          Turns: 1844, Time: 00:02:43

Health: 0/27       AC: -3    Str: 14    XL:     3   Next: 48%
Magic:  3/3        EV: 12    Int: 11    God:
Gold:   34         SH:  0    Dex: 16    Spells: 2/2 levels left

rFire   . . .      SeeInvis .   b - +3 short sword
rCold   . . .      Faith    .   (no shield)
rNeg    . . .      Spirit   .   j - +0 leather armour
rPois   .          Reflect  .   c - +0 helmet
rElec   .          Harm     .   (no cloak)
rCorr   .          Rampage  .   (no gloves)
Will    .....                   f - +0 pair of boots
Stlth   +++.......              (no amulet)
HPRegen 0.09/turn               (no ring)
MPRegen 0.08/turn               (no ring)

@: corroded
A: thin skeletal structure 1, powered by death 1
a: no special abilities


You were on level 2 of the Dungeon.
You visited 1 branch of the dungeon, and saw 2 of its levels.

You collected 34 gold pieces.

Inventory:

Hand Weapons
 a - a +0 trident
 b - a +3 short sword (weapon)
 k - a +0 dagger
Missiles
 d - 3 throwing nets (quivered)
 e - a javelin
Armour
 c - a +0 helmet (worn)
 f - a +0 pair of boots (worn)
 j - a +0 leather armour (worn)
Scrolls
 h - 2 scrolls of noise {unknown}
 l - a scroll of summoning {unknown}
 m - a scroll of identify {unknown}
 n - a scroll of poison {unknown}
 q - a scroll of teleportation {unknown}
Potions
 g - a potion of degeneration {unknown}
 i - a potion of flight {unknown}
 o - a potion of curing {unknown}
 p - a potion of heal wounds {unknown}


   Skills:
 - Level 2.0 Fighting
 - Level 3.2 Polearms
 - Level 1.7 Throwing
 - Level 2.6 Dodging
 + Level 2.5 Stealth


You had 2 spell levels left.
You didn't know any spells.
Your spell library contained the following spells:

 Spells                   Type           Power      Damage    Failure   Level
 Beastly Appendage        Tmut           0%         N/A       41%         1
 Sublimation of Blood     Necr           0%         N/A       56%         2
 Wereblood                Tmut           0%         N/A       56%         2
 Spider Form              Tmut/Pois      0%         N/A       80%         3
 Summon Hydra             Summ           0%         N/A       100%        7


Dungeon Overview and Level Annotations

Branches:
Dungeon (2/15)

Altars:


Innate Abilities, Weirdness & Mutations

You have a somewhat thin skeletal structure. (Dex +2, Stealth+)
You regenerate a little health from kills.


Message History

An endoplasm is nearby!
An endoplasm is nearby!
An endoplasm is nearby!
A jelly and 6 endoplasms come into view.
Found a bat skeleton, a goblin skeleton and 3 scrolls labelled NOMMEZIOZO.
The endoplasm quivers.
There is an open door here.
The endoplasm quivers.
The endoplasm jiggles.
The jelly quivers.
The endoplasm quivers.
The endoplasm closely misses you.
The endoplasm hits the fungus.
The fungus begins to die.
There is an open door here.
The endoplasm attacks as you move away!
The endoplasm hits you but does no damage.
You see here a +0 dagger.
You hit the endoplasm.
The endoplasm is lightly wounded.
The endoplasm hits you.
You hit the endoplasm.
You kill the endoplasm!
The endoplasm quivers.
You hit the endoplasm.
The endoplasm is lightly wounded.
The endoplasm misses you.
You hit the endoplasm.
You kill the endoplasm!
You hit the jelly.
Your hands burn!
The jelly is moderately wounded.
The jelly closely misses you.
You hit the jelly.
Your hands burn!
The jelly is severely wounded.
The jelly hits you. The acid corrodes you!
You are splashed with acid!
* * * LOW HITPOINT WARNING * * *
You hit the jelly.
Your hands burn!
* * * LOW HITPOINT WARNING * * *
The jelly is almost dead.
The jelly hits you.
* * * LOW HITPOINT WARNING * * *
The acid corrodes you!
You are splashed with acid!
You die...

##.....##
#.......#
#.......#
#.......#
#.......#
#....####
#....'..##
########.#
##..JJ@.##
##'#######
#..J.÷PJ..
#.J..JJ...
#.P.J.P.P.
#.....PJ..
#.P.......
#...P÷..P?
##########


You could see a jelly and an endoplasm.

Vanquished Creatures
  2 dart slugs (D:1)
  A bat (D:1)
  5 endoplasms
  3 giant cockroaches (D:1)
  6 goblins (D:1)
  A hobgoblin (D:1)
  13 kobolds
  3 quokkas (D:1)
  A ball python (D:1)
  A frilled lizard (D:1)
  A rat (D:1)
37 creatures vanquished.

Vanquished Creatures (others)
  3 fungi (D:2)
  7 toadstools (D:2)
10 creatures vanquished.

Grand Total: 47 creatures vanquished

Notes
Turn   | Place    | Note
-------+----------+-------------------------------------------
     0 | D:1      | cdecastro the Demonspawn Gladiator began the quest for the
                  | Orb.
     0 | D:1      | Reached XP level 1. HP: 16/16 MP: 1/1
    65 | D:1      | Reached skill level 3 in Polearms
   300 | D:1      | Gained mutation: You have a somewhat thin skeletal
                  | structure. (Dex +2, Stealth+) [demonic ancestry]
   300 | D:1      | Reached XP level 2. HP: 22/22 MP: 2/2
   388 | D:1      | Reached skill level 1 in Stealth
  1036 | D:1      | Gained mutation: You regenerate a little health from kills.
                  | [demonic ancestry]
  1036 | D:1      | Reached XP level 3. HP: 27/27 MP: 3/3
  1844 | D:2      | Splashed by a jelly's acid

Illustrated notes

Levels and vault maps discovered:
D:1:      minmay_arrival_arboretum_small, layout_loops_corners,
          kennysheep_nondescript
D:2:      cheibrodos_fertilizer, layout_basic

Skill      XL: |  1  2  3 |
---------------+----------+-----
Polearms       | 3 |  3.2
Stealth        | 1 2 |  2.5
Fighting       | |  2.0
Throwing       | |  1.7
Dodging        | |  2.6

Action                   || total
-------------------------++-------
Melee: Trident           ||    59
       Punch             ||     2
       Dagger            ||     5
       Short sword       ||    59
 Stab: Sleeping          ||    13
Armor: Leather armour    ||    22
Dodge: Dodged            ||    66
